 Dungeon Crawl Stone Soup version 0.28-a0-793-g31680bbd8b (webtiles) character file.

Game seed: 17700994994512970866

63 IdlyInterested the Chucker (level 3, -1/27 HPs)
             Began as a Demonspawn Hunter on Nov 3, 2021.
             Slain by an adder (3 damage)
             ... on level 2 of the Dungeon.
             The game lasted 00:04:48 (2368 turns).

IdlyInterested the Chucker (Demonspawn Hunter)      Turns: 2368, Time: 00:04:49

Health: -1/27      AC:  4    Str: 13    XL:     3   Next: 89%
Magic:  3/3        EV: 12    Int: 14    God:
Gold:   31         SH:  0    Dex: 13    Spells: 2/2 levels left

rFire   . . .      SeeInvis .   f - +0 dagger
rCold   . . .      Faith    .   (no shield)
rNeg    . . .      Spirit   .   b - +0 leather armour
rPois   .          Reflect  .   (no helmet)
rElec   .          Harm     .   (no cloak)
rCorr   .          Rampage  .   i - +0 pair of gloves
Will    .....                   (no boots)
Stlth   +.........              (no amulet)
HPRegen 0.09/turn               (no ring)
MPRegen 0.08/turn               (no ring)

@: lethally poisoned (-1 -> -9)
A: big brain 1
a: no special abilities


You were on level 2 of the Dungeon.
You visited 1 branch of the dungeon, and saw 2 of its levels.

You collected 31 gold pieces.

Inventory:

Hand Weapons
 a - a +0 short sword
 f - a +0 dagger (weapon)
Missiles
 c - a javelin (quivered)
 d - 2 throwing nets
Armour
 b - a +0 leather armour (worn)
 i - a +0 pair of gloves (worn)
Potions
 e - a potion of magic {unknown}
 g - a potion of flight


   Skills:
 + Level 2.2 Fighting
 * Level 4.7 Throwing
 * Level 2.3 Dodging
 - Level 0.8 Stealth


You had 2 spell levels left.
You didn't know any spells.
Your spell library was empty.

Dungeon Overview and Level Annotations

Branches:
Dungeon (2/15)

Altars:
Nemelex Xobeh


Innate Abilities, Weirdness & Mutations

You have an unusually large brain. (Int +2)


Message History

The adder bites you but does no damage.
Throw: 4 javelins
Press: ? - help, Q - select action, (/) - cycle Shift-Dir - straight line, f - adder
Aim: an adder (42% to hit)
You throw a javelin. The javelin misses the adder.
The javelin pierces through the goblin!
You kill the goblin!
The adder bites you. The adder closely misses you.
You hit the adder.
The adder is lightly wounded.
The adder closely misses you.
You completely miss the adder.
The adder is lightly wounded.
The adder barely misses you.
You miss the adder.
The adder is lightly wounded.
The adder bites you. x2
You hit the adder.
The adder is moderately wounded.
The adder bites you.
* * * LOW HITPOINT WARNING * * *
You are poisoned.
The adder poisons you!
Throw: 3 javelins
Press: ? - help, Q - select action, (/) - cycle Shift-Dir - straight line, f/p - adder
Aim: an adder (moderately wounded, 42% to hit)
You throw a javelin. The javelin closely misses the adder.
* * * LOW HITPOINT WARNING * * *
You feel very sick. The adder bites you.
* * * LOW HITPOINT WARNING * * *
You are more poisoned.
The adder poisons you! The adder bites you but does no damage.
Throw: 2 javelins
Press: ? - help, Q - select action, (/) - cycle Shift-Dir - straight line, f/p - adder
Aim: an adder (moderately wounded, 42% to hit)
You throw a javelin. The javelin closely misses the adder.
* * * LOW HITPOINT WARNING * * *
You feel sick. The adder bites you.
You die...

##....# ##............#
##...########........###
...........##...........
#.....###
#.............. .......#
###...........# #......#
###.#......# .. .##
#........# ... ..
#####.#....### ....
#.##.@S)....(##
#..##..#.###).(#.#
#...#.#..K..###.#
#(.......## .
#........### ..
#.....#....# #.
#...###......... .. ####
#..#.....# ....####....


You could see an adder.

Vanquished Creatures
  2 adders (D:2)
  2 dart slugs (D:1)
  2 endoplasms (D:1)
  3 giant cockroaches (D:1)
  4 goblins
  2 hobgoblins (D:1)
  8 jackals (D:1)
  4 quokkas
  3 bats (D:1)
  3 kobolds
  4 rats (D:1)
37 creatures vanquished.

Notes
Turn   | Place    | Note
-------+----------+-------------------------------------------
     0 | D:1      | IdlyInterested the Demonspawn Hunter began the quest for
                  | the Orb.
     0 | D:1      | Reached XP level 1. HP: 16/16 MP: 1/1
   223 | D:1      | Reached skill level 4 in Throwing
   224 | D:1      | Gained mutation: You have an unusually large brain. (Int
                  | +2) [demonic ancestry]
   224 | D:1      | Reached XP level 2. HP: 12/22 MP: 2/2
  1064 | D:1      | Reached XP level 3. HP: 27/27 MP: 3/3
  1811 | D:1      | Found a faded altar of an unknown god.
  2112 | D:2      | Found a sparkling altar of Nemelex Xobeh.
  2368 | D:2      | Slain by an adder

Illustrated notes

Levels and vault maps discovered:
D:1:      dpeg_arrival_round_c, layout_basic, hellmonk_ecumenical_altar_run_dry
D:2:      cheibrodos_greedy_goblins, layout_rooms, basic_altar

Skill      XL: |  1  2 |
---------------+-------+-----
Throwing       | 4 |  4.7
Dodging        | 2 |  2.3
Fighting       | |  2.2
Stealth        | |  0.8

Action                   || total
-------------------------++-------
Melee: Short sword       ||   116
       Dagger            ||    27
Throw: Javelin           ||    16
       Stone             ||     5
  Use: Scroll            ||     1
 Stab: Sleeping          ||     3
Armor: Leather armour    ||    49
Dodge: Dodged            ||    88

Table legend: (Time is in decaauts)
 A = Elapsed time spent in this place.
 B = Non-inter-level travel time spent in this place.
 C = Inter-level travel time spent in this place.
 D = Time resting spent in this place.
 E = Time spent auto-exploring this place.
 F = Levels seen in this place.
 G = Mean time per level.
                   A        B        C        D        E       F      G
               +--------+--------+--------+--------+--------+-----+--------+
         Total |   2382 |   2340 |     42 |   1276 |    709 |   2 | 1191.0 |
       Dungeon |   2382 |   2340 |     42 |   1276 |    709 |   2 | 1191.0 |
               +--------+--------+--------+--------+--------+-----+--------+

Top non-repeatable levels by time:
     D:1: 2115 daAuts
     D:2: 267 daAuts
